 Dungeon Crawl Stone Soup version 0.31-a0-1300-gb6740aa4e6 (webtiles) character file.

Game seed: 9078888079915811969

69 Jeffwins the Gusty (level 4, 0/24 HPs)
             Began as a Tengu Air Elementalist on Dec 19, 2023.
             Slain by a bullfrog (3 damage)
             ... on level 3 of the Dungeon.
             The game lasted 00:02:36 (2704 turns).

Jeffwins the Gusty (Tengu Air Elementalist)         Turns: 2704, Time: 00:02:37

Health: 0/24       AC:  2    Str:  9    XL:     4   Next: 20%
Magic:  0/8        EV: 12    Int: 17    God:
Gold:   69         SH:  0    Dex: 14    Spells: 1/8 levels left

rFire   . . .        k - +0 trident
rCold   . . .        (no shield)
rNeg    . . .        a - +0 robe
rPois   .            (helmet restricted)
rElec   .            (no cloak)
rCorr   .            (no gloves)
SInv    .            (boots unavailable)
Will    .....        (no amulet)
Stlth   ++           (no ring)
HPRegen 0.24/turn    (no ring)
MPRegen 0.11/turn

%: acrobat
@: no status effects
A: beak, talons 3, acrobatic
a: no special abilities


You were on level 3 of the Dungeon.
You visited 1 branch of the dungeon, and saw 3 of its levels.

You collected 69 gold pieces.


Innate Abilities, Weirdness & Mutations

You have a beak for a mouth.
You have claws for feet.
You can magically evade attacks while moving or waiting.


   Skills:
 + Level 0.8 Fighting
 + Level 2.5 Dodging
 + Level 2.4 Stealth
 * Level 2.5 Spellcasting
 * Level 2.9 Conjurations
 * Level 4.6 Air Magic


You had one spell level left.
You knew the following spells:

 Your Spells              Type           Power      Damage    Failure   Level
c - Airstrike             Air            9%         2d(2-18)  26%         4
x - Static Discharge      Conj/Air       30%        3-5/arc   6%          2
z - Shock                 Conj/Air       60%        1d6       3%          1

Your spell library contained the following spells:

 Spells                   Type           Power      Damage    Failure   Level
 Swiftness                Air            18%        N/A       9%          3

Inventory:

Hand Weapons
 c - a +1 dagger of speed
 k - a +0 trident (weapon)
Missiles
 d - a throwing net {=f}
 i - 2 poisoned darts
Armour
 a - a +0 robe (worn)
 j - the +6 scale mail "Inkekkyga" {-Tele *Slow rF+++ Int+4}
   (You found it on level 2 of the Dungeon)

   Int+4:     It affects your intelligence (+4).
   rF+++:     It renders you almost immune to fire.
   -Tele:     It prevents most forms of teleportation.
   *Slow:     It may slow you when you take damage.
Jewellery
 H - an amulet of faith {!P}
Scrolls
 e - 3 scrolls of teleportation {unknown}
 f - a scroll of summoning {unknown}
 g - a scroll of revelation {unknown}
 h - a scroll of vulnerability {unknown}
Potions
 b - 3 potions of magic
 l - a potion of lignification {unknown}
 m - a potion of attraction {unknown}

Dungeon Overview and Level Annotations

Branches:
Dungeon (3/15)

Altars:

#.#.. #...† ## ##.. .
#.########## #.# $.###
#.........## #.. #.....
#.##......###.. #...#
##.............
##.#.F###.##......#.##.
.#....#@#.####....##.##.
.........## ###.###.##.
##....#### #........
##.#. #####.##. # #
#.... ### #


You could see a bullfrog.


Message History

Press: ? - help, Shift-Dir - straight line, f/p - bullfrog
Aim: a bullfrog (moderately wounded, 64% to hit)
The zap hits the bullfrog.
The bullfrog is heavily wounded.
Casting: Shock (safe; 3% risk of failure)
Confirm with . or Enter, or press ? or * to list all spells.
The bullfrog is struck by an arc of lightning.
The bullfrog is severely wounded.
You are struck by an arc of lightning.
The lightning grounds out.
The bullfrog hits you but does no damage.
Unknown command.
Unknown command.
Casting: Static Discharge (safe; 6% risk of failure)
Confirm with . or Enter, or press ? or * to list all spells.
The bullfrog is struck by an arc of lightning.
The bullfrog is almost dead.
You are struck by an arc of lightning.
The lightning grounds out.
The bullfrog hits you! The bullfrog hits you.
* * * LOW HITPOINT WARNING * * *
Unknown command.
Unknown command.
You aren't carrying any items that you can evoke.
Unknown command.
Okay, then.
You miss the bullfrog. You claw the bullfrog.
The bullfrog is almost dead.
The bullfrog hits you.
* * * LOW HITPOINT WARNING * * *
The bullfrog hits you.
You die...

Skill      XL: |  1  2 |
---------------+-------+-----
Conjurations   | 2 |  2.9
Fighting       | |  0.8
Dodging        | |  2.5
Stealth        | |  2.4
Spellcasting   | |  2.5
Air Magic      | |  4.6

Action                     |  1- 3 |  4- 6 || total
---------------------------+-------+-------++-------
  Melee: Unarmed           |     2 |       ||     2
         Dagger            |     4 |       ||     4
         Trident           |       |     2 ||     2
         Kick              |       |     1 ||     1
   Cast: Shock             |    66 |    26 ||    92
         Static Discharge  |     4 |     2 ||     6
    Use: Potion            |     1 |       ||     1
   Stab: Sleeping          |     1 |       ||     1
 Armour: Robe              |    11 |     7 ||    18
  Dodge: Dodged            |     7 |       ||     7

Levels and vault maps discovered:
D:1:      wander_arrival_desolate, layout_loops_ring
D:2:      minmay_diamond_boxcup, layout_basic, nicolae_ecumenical_oubliette
D:3:      layout_loops_ring, kiku_gazebo_garden_becter

Notes
Turn   | Place    | Note
-------+----------+-------------------------------------------
     0 | D:1      | Jeffwins the Tengu Air Elementalist began the quest for the
                  | Orb.
     0 | D:1      | Reached XP level 1. HP: 10/10 MP: 4/4
   231 | D:1      | Reached XP level 2. HP: 15/15 MP: 4/6
   268 | D:1      | Learned a level 2 spell: Static Discharge
   499 | D:1      | Reached skill level 2 in Conjurations
   742 | D:1      | Reached XP level 3. HP: 20/20 MP: 5/7
  1226 | D:2      | Identified the +6 scale mail "Inkekkyga" {-Tele *Slow rF+++
                  | Int+4}
  1492 | D:2      | Found a faded altar of an unknown god.
  1844 | D:2      | Reached XP level 4. HP: 24/24 MP: 6/8
  2465 | D:3      | Learned a level 4 spell: Airstrike
  2697 | D:3      | Noticed a bullfrog
  2704 | D:3      | Slain by a bullfrog

Vanquished Creatures
  An adder (D:2)
  A worm (D:3)
  A dart slug (D:1)
  9 ball pythons
  6 bats
  2 endoplasms (D:1)
  2 giant cockroaches (D:1)
  10 goblins
  3 hobgoblins
  4 quokkas
  2 frilled lizards (D:1)
  7 kobolds
  2 rats (D:2)
50 creatures vanquished.

Table legend: (Time is in decaauts)
 A = Elapsed time spent in this place.
 B = Non-inter-level travel time spent in this place.
 C = Inter-level travel time spent in this place.
 D = Time resting spent in this place.
 E = Time spent auto-exploring this place.
 F = Levels seen in this place.
 G = Mean time per level.
                   A        B        C        D        E       F      G
               +--------+--------+--------+--------+--------+-----+--------+
         Total |   2701 |   2669 |     32 |      0 |   2440 |   3 |  900.3 |
       Dungeon |   2701 |   2669 |     32 |      0 |   2440 |   3 |  900.3 |
               +--------+--------+--------+--------+--------+-----+--------+

Top non-repeatable levels by time:
     D:2: 1433 daAuts
     D:1: 1021 daAuts
     D:3: 247 daAuts

Table legend:
 A = Non-vault XP
 B = Vault XP
 C = Vault XP percentage of total XP
 D = Non-vault monster count
 E = Vault monster count
 F = Vault count percentage of total count
                 A         B        C        D         E       F
            +---------+---------+-------+---------+---------+-------
      Total |      71 |      28 |  28.3 |      41 |       9 |  18.0
            +---------+---------+-------+---------+---------+-------
        D:1 |      41 |       0 |   0.0 |      23 |       0 |   0.0
        D:2 |      22 |      28 |  56.0 |      15 |       9 |  37.5
        D:3 |       8 |       0 |   0.0 |       3 |       0 |   0.0
            +---------+---------+-------+---------+---------+-------
